 Dungeon Crawl Stone Soup version 0.31.0 (webtiles) character file.

Game seed: 752310929202024923

5508219 Implojin the Impregnable (level 26, 246/246 HPs)
             Began as a Hill Orc Reaver on Jan 20, 2024.
             Was an Elder of Okawaru.
             Escaped with the Orb
             ... and 5 runes
             ... and 8 gems (all intact)!
             The game lasted 02:47:07 (40519 turns).

Implojin the Impregnable (Hill Orc Reaver)         Turns: 40519, Time: 02:47:08

Health: 246/246    AC: 35    Str: 24    XL:     26   Next: 22%
Magic:  41/41      EV: 13    Int: 22    God:    Okawaru [****..]
Gold:   935        SH: 20    Dex:  7    Spells: 27/28 levels left

rFire   + . .        g - +9 broad axe (freeze)
rCold   + + .        m - +0 tower shield "Nocudgh" {rElec}
rNeg    + + .        J - +8 chain mail {rF+}
rPois   +            u - +3 hat of Pondering {ponderous, Will+ MP+10 Int+5}
rElec   +            Y - +2 cloak {rCorr}
rCorr   +            X - +0 pair of gloves "Dagotim" {rC+ Regen+ Str+2}
SInv    .            P - +2 pair of boots
Will    +++..        s - amulet of Vitality {RegenMP++ Regen++} Stlth
                     i - ring of the Jackalope {rC+ rN+ Will+ Stlth+}
HPRegen 3.81/turn    Q - ring "Jatrodytt" {rPois rN+ Dex-5 Slay+4 Stlth+}
MPRegen 1.07/turn

%: clarity
@: slow
A: iridescent scales 1, clarity, clever 1, deformed body, regeneration 1,
teleportitis 1
0: Orb of Zot
}: 5/15 runes: serpentine, barnacled, slimy, silver, abyssal
a: Renounce Religion, Heroism, Finesse


You escaped.
You worshipped Okawaru.
Okawaru was greatly pleased with you.
You visited 11 branches of the dungeon, and saw 55 of its levels.
You visited the Abyss 2 times.
You also visited: Bailey, Gauntlet and Ice Cave.

You collected 4863 gold pieces.
You spent 3928 gold pieces at shops.

Inventory:

Hand Weapons
 g - a +9 broad axe of freezing (weapon)
Missiles
 p - 10 silver javelins
 t - 6 poisoned darts
 A - 37 javelins
 B - 2 atropa-tipped darts
 E - 4 throwing nets
 L - 15 curare-tipped darts
 N - 6 darts of dispersal
 T - 26 boomerangs (quivered)
Armour
 d - a +4 plate armour of cold resistance
 m - the +0 tower shield "Nocudgh" (worn) {rElec}
   (You acquired it on level 4 of the Realm of Zot)

   rElec:     It insulates you from electricity.
 u - the +3 hat of Pondering (worn) {ponderous, Will+ MP+10 Int+5}
   (You found it in a Gauntlet)

   Int+5:     It affects your intelligence (+5).
   Will+:     It increases your willpower.
   MP+10:     It affects your magic capacity (+10).
 x - a +2 crystal plate armour
 F - a +2 plate armour of willpower
 I - the +2 hood of the Assassin {Detect Stab+ Stlth++}
   (You acquired it on level 14 of the Dungeon)

   Detect:    It allows the wearer to sense nearby creatures.
   Stab+:     It allows the wearer to make particularly effective stabbing
   attacks against helpless or unaware enemies with any weapon.
   Stlth++:   It makes you much more stealthy.
 J - a +8 chain mail of fire resistance (worn)
 P - a +2 pair of boots (worn)
 U - +0 storm dragon scales
 X - the +0 pair of gloves "Dagotim" (worn) {rC+ Regen+ Str+2}
   (You found it in a Gauntlet)

   Str+2:     It affects your strength (+2).
   rC+:       It protects you from cold.
   Regen+:    It increases your rate of health regeneration.
 Y - a +2 cloak of preservation (worn)
Jewellery
 i - the ring of the Jackalope (left hand) {rC+ rN+ Will+ Stlth+}
   (You found it in a Gauntlet)

   [ring of positive energy]

   rC+:       It protects you from cold.
   rN+:       It protects you from negative energy.
   Will+:     It increases your willpower.
   Stlth+:    It makes you more stealthy.
 s - the amulet of Vitality (around neck) {RegenMP++ Regen++}
   (You bought it in a shop on level 3 of the Snake Pit)

   [amulet of magic regeneration]

   RegenMP:   It increases your rate of magic regeneration.
   Regen++:   It increases your rate of health regeneration.
 y - the ring of Wellyvam {rElec rPois MP-9 SInv}
   (You bought it in a shop on level 3 of the Elven Halls)

   [ring of poison resistance]

   rElec:     It insulates you from electricity.
   rPois:     It protects you from poison MP-9: It affects your magic capacity
   (-9).
   SInv:      It lets you see invisible.
 z - the amulet "Moafaide" {Reflect -Tele rF+++ Slay+3 SH+5 SInv}
   (You took it off a deep elf archer on level 3 of the Elven Halls)

   [amulet of reflection]

   Reflect:   It reflects blocked missile attacks.
   Slay+3:    It affects your accuracy & damage with ranged weapons and melee
   (+3).
   rF+++:     It renders you almost immune to fire.
   SInv:      It lets you see invisible.
   -Tele:     It prevents most forms of teleportation.
   SH+5:      It affects your SH (+5).
 C - the ring of the Pariah {rF- Will+ Int+3 Dex+2 Stlth+}
   (You found it in a Gauntlet)

   [ring of willpower]

   Int+3:     It affects your intelligence (+3).
   Dex+2:     It affects your dexterity (+2).
   rF-:       It makes you vulnerable to fire.
   Will+:     It increases your willpower.
   Stlth+:    It makes you more stealthy.
 G - a ring of flight
 M - a ring of resist corrosion
 Q - the ring "Jatrodytt" (right hand) {rPois rN+ Dex-5 Slay+4 Stlth+}
   (You took it off a minotaur in a Gauntlet)

   [ring of positive energy]

   Dex-5:     It affects your dexterity (-5).
   Slay+4:    It affects your accuracy & damage with ranged weapons and melee
   (+4).
   rPois:     It protects you from poison rN+: It protects you from negative
   energy.
   Stlth+:    It makes you more stealthy.
 W - a ring of see invisible
 Z - a ring of protection from fire
Wands
 b - a wand of paralysis (14)
 v - a wand of quicksilver (12)
 R - a wand of digging (18)
Scrolls
 h - 3 scrolls of teleportation
 k - 2 scrolls of silence
 r - a scroll of blinking
 D - 2 scrolls of immolation
 K - 7 scrolls of fear
 V - 8 scrolls of vulnerability
Potions
 a - 5 potions of invisibility
 c - 4 potions of curing
 j - 3 potions of magic
 n - a potion of might
 o - 3 potions of mutation
 w - a potion of attraction
 O - 3 potions of haste
 S - 2 potions of enlightenment


   Skills:
 - Level 22.0 Fighting
 - Level 22.0 Axes
 - Level 10.0 Throwing
 - Level 22.0 Armour
 * Level 21.4 Dodging
 - Level 22.0 Shields
 - Level 1.5 Spellcasting
 - Level 3.0 Conjurations
 - Level 11.0 Invocations
 - Level 5.0 Evocations


You had 27 spell levels left.
You knew the following spells:

 Your Spells              Type           Power      Damage    Failure   Level
a - Kiss of Death         Conj/Necr      32%        2d7       28%         1

Your spell library contained the following spells:

 Spells                   Type           Power      Damage    Failure   Level
 Magic Dart               Conj           56%        1d5       16%         1
 Searing Ray              Conj           28%        2d5       24%         2
 Sting                    Conj/Alch      32%        1d5       28%         1
 Momentum Strike          Conj/Tloc      16%        3d8       41%         2
 Necrotise                Necr           4%         1d4       47%         1
 Slow                     Hex            4%         N/A       47%         1
 Blink                    Tloc           2%         N/A       63%         2
 Cigotuvi's Dreadful Rot  Necr/Alch/Air  2%         N/A       63%         2
 Ensorcelled Hibernation  Hex/Ice        2%         N/A       63%         2
 Mercury Vapours          Alch/Air       2%         N/A       63%         2
 Scorch                   Fire           2%         2d5       63%         2
 Sublimation of Blood     Necr           1%         N/A       63%         2
 Dazzling Flash           Conj/Hex       16%        N/A       65%         3
 Hailstorm                Conj/Ice       8%         3d5       65%         3
 Mephitic Cloud           Conj/Alch/Air  6%         N/A       71%         3
 Confusing Touch          Hex            1%         N/A       85%         3
 Fugue of the Fallen      Necr           1%         N/A       85%         3
 Ozocubu's Armour         Ice            1%         N/A       85%         3
 Vampiric Draining        Necr           1%         2d6       85%         3
 Volatile Blastmotes      Fire/Tloc      2%         2d10      85%         3
 Flame Wave               Conj/Fire      8%         2d5       96%         4
 Fulminant Prism          Conj/Alch      4%         3d5       96%         4
 Iskenderun's Mystic Bla  Conj/Tloc      8%         2d4       96%         4
 Anguish                  Hex/Necr       0%         N/A       99%         4
 Cause Fear               Hex            0%         N/A       99%         4
 Dimensional Bullseye     Hex/Tloc       0%         N/A       99%         4
 Dispel Undead            Necr           1%         3d6       99%         4
 Ignite Poison            Fire/Alch      1%         N/A       99%         4
 Olgreb's Toxic Radiance  Alch           1%         N/A       99%         4
 Passage of Golubria      Tloc           1%         N/A       99%         4
 Petrify                  Alch/Erth      1%         N/A       99%         4
 Sticky Flame             Fire/Alch      1%         2d4       99%         4
 Alistair's Intoxication  Alch           0%         N/A       100%        5
 Borgnjor's Vile Clutch   Necr/Erth      0%         N/A       100%        5
 Curse of Agony           Necr           1%         N/A       100%        5
 Fireball                 Conj/Fire      4%         3d4       100%        5
 Irradiate                Conj/Alch      4%         3d13      100%        5
 Lee's Rapid Deconstruct  Erth           0%         3d4*      100%        5
 Metabolic Englaciation   Hex/Ice        0%         N/A       100%        5
 Silence                  Hex/Air        0%         N/A       100%        5
 Eringya's Noxious Bog    Alch           0%         4d6       100%        6
 Ozocubu's Refrigeration  Ice            0%         4d7       100%        7
 Borgnjor's Revivificati  Necr           0%         N/A       100%        8
 Discord                  Hex            0%         N/A       100%        8
 Ignition                 Fire           0%         3d3       100%        8
 Lehudib's Crystal Spear  Conj/Erth      4%         10d3      100%        8
 Maxwell's Capacitive Co  Air            0%         ∞         100%        8
 Chain Lightning          Conj/Air       4%         3d5       100%        9
 Death's Door             Necr           0%         N/A       100%        9
 Polar Vortex             Ice            0%         N/A       100%        9
 Call Imp                 Summ           Unusable   N/A       N/A         2
 Tukima's Dance           Hex            Unusable   N/A       N/A         3
 Animate Armour           Summ/Erth      Unusable   N/A       N/A         4
 Martyr's Knell           Necr/Summ      Unusable   N/A       N/A         4
 Summon Lightning Spire   Summ/Air       Unusable   N/A       N/A         4
 Death Channel            Necr           Unusable   N/A       N/A         6
 Sculpt Simulacrum        Ice/Alch       Unusable   N/A       N/A         6
 Summon Cactus Giant      Summ           Unusable   N/A       N/A         6
 Haunt                    Necr/Summ      Unusable   N/A       N/A         7
 Dragon's Call            Summ           Unusable   N/A       N/A         9

Dungeon Overview and Level Annotations

Branches:
Dungeon (15/15)            Temple (0/1) D:6            Lair (5/5) D:9
 Shoals (4/4) Lair:2        Snake (4/4) Lair:3        Slime (5/5) Lair:5
    Orc (2/2) D:9             Elf (3/3) Orc:2        Vaults (5/5) D:14
  Crypt (3/3) Vaults:3     Depths (4/4) D:15            Zot (5/5) Depths:4
 Bailey (visited)           IceCv (visited)         Gauntlet (visited)
   Tomb: Crypt:3

Altars:
Dithmenos
Elyvilon
Gozag
Hepliaklqana
Kikubaaqudgha
Nemelex Xobeh
Okawaru
Ru
Sif Muna
Trog
Xom
Yredelemnul
Beogh
Jiyva
Lugonu

Shops:
D:3 =   D:14 *   Orc:2 :[=(   Elf:1 :   Elf:3 ![=   Shoals:3 ?   Snake:1 ?
Snake:3 =   Vaults:3 *   Depths:3 *

Portals:
Hell: Depths:3 Depths:4
Abyss: Depths:4

Annotations:
D:7 2 transporters, ZoaN's ghost, novice GrEE
Vaults:4 Zenata


Innate Abilities, Weirdness & Mutations

You are partially covered in iridescent scales. (AC +2)
You possess an exceptional clarity of mind.
Your mind is acute. (Int +4, Str/Dex -1)
Armour fits poorly on your strangely shaped body.
Your natural rate of healing is unusually fast.
You are occasionally teleported next to monsters.


Message History

You climb upwards.
There is a stone staircase leading down here.
You see here a quokka skeleton.
A demonic crawler comes into view.
There is an escape hatch in the ceiling here.
A mysterious force pulls you upwards. The hatch slams shut behind you.
Unknown command.
You see here a +0 ring mail.
You see here a +0 falchion of freezing.
You feel like a meek peon again.
You hear a grinding noise.
You hear a grinding noise.
A cacodemon comes into view.
Danger: cacodemon |T2| Reason: Malmutator in LOS Danger: cacodemon |T2| Reason: Malmutator in LOF!
The cacodemon moves out of view.
You hear a grinding noise.
Danger: cacodemon |T2| Reason: Malmutator in LOS Danger: cacodemon |T2| Reason: Malmutator in LOF!
You hear a grinding noise.
An orange demon comes into view.
Danger: cacodemon |T2| Reason: Malmutator in LOS Danger: cacodemon |T2| Reason: Malmutator in LOF!
You hear a grinding noise.
Danger: cacodemon |T2| Reason: Malmutator in LOS Danger: cacodemon |T2| Reason: Malmutator in LOF!
Why would you want to do that?
You enter the shallow water.
Moving in this stuff is going to be slow.
Some rock shatters into small pieces.
Danger: cacodemon |T2| Reason: Malmutator in LOS Danger: cacodemon |T2| Reason: Malmutator in LOF!
You enter the shallow water.
Moving in this stuff is going to be slow.
The cacodemon gestures at you.
Strange energies course through your body.
Your body twists and deforms.
There is a staircase leading out of the dungeon here.
Char dumped successfully.
You have escaped!

#...# #...##..#..~≈..#.........
#...# ##...#.~...~~~.#.........
####.#####....~≈~≈.~~~~##........
..#.....##....≈≈≈≈..~..~#......##
........##...~≈≈≈≈~....##......#
........###.≈≈≈≈≈≈≈~~.###......#
..........#.~≈≈≈~~~~..#.#.....##
.........##.≈≈~≈..~.~.#)#.....##
..........#~≈~.≈@≈.~~...#......##
...†....###≈≈.~~..~~~.###......#.
........# #..~≈≈.~≈~~.# #........
..#.....# ##~~≈≈~~~~..###........
####.##.# ##..≈≈≈~.....##.......#
#.##.###..~~≈2≈~.#.###.÷...###
#.##†##.....~.≈4.##.##....##
#.##.##.#....3.~...###.####
#.##.#...#..........##..##


You could see a cacodemon, an orange demon and a sixfirhy (wandering).

Vanquished Creatures
  the Royal Jelly (Slime:5)
  A dread lich (Vaults:5)
  8 orbs of fire (Zot:5)
  2 ancient liches (Zot:5)
  Mennas (Vaults:4)
  A juggernaut (Abyss:3)
  Josephina (Depths:4)
  Sojobo (Depths:4)
  Boris (Depths:4)
  5 Killer Klowns
  Margery (Crypt:2)
  Saint Roka (Elf:2)
  A curse toe (Zot:3)
  3 caustic shrikes (Depths:4)
  A profane servitor (D:5)
  8 golden dragons
  6 bone dragons
  Jory (Crypt:1)
  21 tentacled monstrosities
  A shard shrike skeleton (Crypt:1)
  2 liches
  A walking divine tome (Depths:3)
  A quicksilver dragon (Zot:4)
  23 Orb Guardians
  4 deep elf master archers (Elf:3)
  3 titans
  Frances (Snake:1)
  2 deep elf blademasters (Elf:3)
  A searing wretch (Crypt:2)
  8 tentacled starspawn
  14 acid blobs
  The ghost of Tang the Phalangite, an adept DrBe of Trog (Snake:2)
  A sphinx (Depths:2)
  4 death cobs
  Aizul (Shoals:3)
  12 storm dragons
  8 tengu reavers
  6 shadow dragons
  4 nagarajas (Snake:4)
  2 draconian knights
  A protean progenitor (Zot:5)
  A revenant (Crypt:1)
  Ilsuiw (Shoals:3)
  Donald (Shoals:1)
  4 draconian monks
  4 azure jellies (Slime:5)
  9 rockslimes
  7 deep elf sorcerers
  3 fire giants
  2 frost giants (Vaults:5)
  An iron dragon (Depths:4)
  12 vault wardens
  2 draconian scorchers
  An orc warlord (Orc:1)
  Louise (D:14)
  2 draconian shifters
  6 deep elf elementalists (Elf:3)
  2 angels (Abyss:3)
  2 draconian stormcallers
  9 ironbound preservers
  3 ghouls (Crypt:1)
  15 quicksilver oozes
  4 draconian annihilators
  2 spriggan defenders (Depths:2)
  The ghost of Cicylist the Cleaver, a journeyman FoFi of Okawaru (D:14)
  22 very ugly things
  A formless jellyfish (Slime:5)
  9 stone giants
  4 ironbound thunderhulks
  2 ophanim (Abyss:3)
  13 vampire knights
  6 black draconians
  7 deep elf demonologists
  4 green draconians
  6 deep elf death magi
  8 yellow draconians
  4 war gargoyles
  6 white draconians
  Nessos (D:12)
  7 deep elf annihilators
  4 purple draconians
  A minotaur (Gauntlet)
  3 red draconians
  Azrael (D:14)
  A crystal guardian (Vaults:4)
  6 ettins
  9 merfolk impalers
  2 eidola
  Snorg (D:11)
  3 fire dragons
  2 merfolk javelineers
  2 deep elf high priests (Elf:3)
  16 jiangshi
  A blizzard demon (D:4)
  7 yaktaur captains
  31 vault guards
  A quicksilver dragon skeleton (Depths:2)
  Fannar (D:11)
  3 ice dragons
  5 salamander tyrants (Snake:4)
  3 hydras
  A peacekeeper (Vaults:4)
  6 great orbs of eyes
  2 ironbound frosthearts
  3 rakshasas
  2 spriggan zombies
  Erolcha (D:10)
  A spriggan air mage (Depths:2)
  11 centaur warriors
  5 ogre magi
  7 anacondas
  A sphinx skeleton (Depths:2)
  3 death yaks (D:9)
  2 death knights (Crypt:1)
  6 merfolk aquamancers
  3 satyrs
  A catoblepas (Lair:1)
  A fenstrider witch skeleton (Crypt:1)
  2 death scarabs (Gauntlet)
  8 tengu warriors
  3 deep troll shamans
  A demonic crawler (Abyss:2)
  5 boulder beetles
  4 deep troll earth magi
  Urug (D:13)
  4 vampire magi
  3 naga warriors
  18 two-headed ogres
  A hell hog (Lair:5)
  2 occultists (Depths:4)
  19 dancing weapons
  7 thrashing horrors
  12 naga sharpshooters (Snake:4)
  3 shock serpents
  A soul eater (Vaults:3)
  A shock serpent (shapeshifter) (Vaults:5)
  6 deep elf knights
  5 shadow wraiths
  17 hell knights
  Sonja (Lair:4)
  A skyshark (Lair:3)
  3 wretched stars
  A spark wasp zombie (Depths:2)
  22 skeletal warriors
  A spectral death yak (Gauntlet)
  2 cherubim (Abyss:3)
  A sixfirhy (Abyss:2)
  A spatial maelstrom (Abyss:3)
  20 deep trolls
  4 iron trolls
  8 salamander mystics
  A spectral catoblepas (Gauntlet)
  3 deep elf archers
  6 sea snakes
  A spectral hydra (Gauntlet)
  6 lindwurms
  2 arcanists (D:14)
  An orb spider (shapeshifter) (Vaults:5)
  2 naga ritualists
  9 mana vipers
  A bunyip skeleton (Crypt:2)
  An orb spider (Abyss:3)
  A bog body (Crypt:1)
  A steelbarb worm (shapeshifter) (Vaults:5)
  15 ironbound convokers
  A flayed ghost (Crypt:1)
  4 orc knights
  7 necromancers
  20 phantasmal warriors
  8 starcursed masses
  A harpy (shapeshifter) (Vaults:5)
  18 deep elf pyromancers
  21 ugly things
  6 deep elf zephyrmancers
  2 sun moths (Zot:5)
  A jorogumo zombie (Crypt:3)
  3 wolf spiders
  3 shining eyes
  9 manticores
  An orc sorcerer (Elf:2)
  A will-o-the-wisp (Abyss:3)
  18 salamanders
  3 shining eyes (shapeshifter)
  An alligator skeleton (Crypt:2)
  10 fauns
  4 cyclopes
  8 moths of wrath
  A frost giant skeleton (Crypt:2)
  5 worldbinders
  5 meliai (D:14)
  A stone giant skeleton (Depths:2)
  7 guardian serpents (Snake:4)
  2 dire elephant zombies
  23 elephants
  An iron dragon skeleton (Abyss:3)
  A centaur zombie (Crypt:3)
  5 water nymphs
  10 merfolk sirens
  2 naga magi
  A rust devil (D:4)
  24 black mambas
  2 ice statues (IceCv)
  4 kobold blastminers (Orc:1)
  An orange demon (Abyss:2)
  4 smoke demons
  11 vault sentinels
  A storm dragon simulacrum (Depths:4)
  2 torpor snails
  An eye of devastation (Slime:5)
  12 large abominations
  12 cane toads
  A kobold demonologist (D:13)
  7 freezing wraiths
  An unseen horror (shapeshifter) (D:8)
  8 yaktaurs (Vaults:1)
  5 tengu conjurers
  5 rime drakes
  A minotaur zombie (Gauntlet)
  A death yak skeleton (Crypt:1)
  6 komodo dragons
  9 ancient zymes
  A white draconian skeleton (Crypt:2)
  5 wind drakes (Shoals:4)
  A hellwing (Abyss:3)
  10 polar bears
  A silent spectre (Abyss:3)
  A golden dragon simulacrum (Depths:4)
  A wind drake (shapeshifter) (Vaults:5)
  A queen bee (D:14)
  4 hornets
  11 merfolk
  2 glass eyes (Slime:5)
  8 trolls
  Grinder (D:5)
  12 blink frogs
  4 snapping turtles
  9 raiju
  17 dream sheep
  An iron dragon simulacrum (Abyss:2)
  70 slime creatures
  10 air elementals
  A shadow (D:10)
  24 water elementals
  10 wraiths
  3 wyverns
  5 fire elementals
  18 humans (D:14)
  3 basilisks
  7 ynoxinuls
  4 fire bats (D:9)
  13 vampire mosquitoes
  14 wargs
  65 yaks
  9 golden eyes
  2 steam dragons (D:8)
  6 neqoxecs
  A spatial vortex (Abyss:3)
  3 chaos spawn
  8 nagas
  3 acid dragons
  12 water moccasins
  A merfolk skeleton (Crypt:1)
  A naga skeleton (Abyss:3)
  A fire bat skeleton (Crypt:2)
  29 hell hounds
  14 black bears
  26 orc warriors
  2 ice beasts
  39 laughing skulls
  A sky beast (shapeshifter) (Depths:2)
  32 wolves
  26 ogres
  10 centaurs
  A fire crab zombie (Crypt:1)
  7 weeping skulls (Abyss:2)
  8 kobold brigands
  3 brain worms (Abyss:2)
  An earth elemental (Elf:3)
  16 bullfrogs
  A glowing shapeshifter simulacrum (Depths:4)
  11 small abominations
  A necrophage (Crypt:1)
  2 gnoll sergeants
  A cyclops skeleton (Crypt:1)
  7 wights
  A lindwurm simulacrum (IceCv)
  A queen bee zombie (Crypt:2)
  18 killer bees
  2 spriggan skeletons
  An electric eel (Lair:3)
  10 howler monkeys
  6 lava snakes
  6 komodo dragon simulacra (IceCv)
  A jelly (D:7)
  4 bombardier beetles
  3 quasits
  10 orc priests
  A centaur skeleton (Crypt:1)
  An iron imp (Abyss:3)
  An iguana (D:7)
  4 sleepcaps (D:8)
  Terence (D:3)
  Natasha (twice) (D:2)
  19 orc wizards
  An acid dragon zombie (Crypt:1)
  10 adders
  13 gnolls
  7 acid dragon simulacra (IceCv)
  17 white imps
  5 ufetubi
  7 steam dragon simulacra (IceCv)
  An iguana zombie (Crypt:3)
  An adder zombie (Crypt:3)
  3 dart slugs
  A ribbon worm (D:2)
  68 orcs
  9 ball pythons
  6 bats
  3 endoplasms
  A giant cockroach (D:2)
  12 goblins
  14 hobgoblins
  7 jackals
  20 kobolds
  3 quokkas
  A ball python zombie (Crypt:1)
  6 frilled lizards
  A jackal skeleton (Crypt:1)
  7 rats
  An aspiring flesh (Zot:5)
  A lurking horror (Abyss:2)
  2 spectral weapons
  4 starspawn tentacles
2036 creatures vanquished.

Vanquished Creatures (others)
  A deep elf knight (Elf:2)
  A deep elf zephyrmancer (Elf:3)
  A titan simulacrum (Depths:4)
  A rime drake (IceCv)
  A water elemental (Shoals:4)
  An orc wizard (Elf:2)
  An ufetubus (D:7)
  4 foxfires (Abyss:3)
  A lurking horror (Abyss:3)
  15 starspawn tentacles
27 creatures vanquished.

Grand Total: 2063 creatures vanquished

Notes
Turn   | Place    | Note
-------+----------+-------------------------------------------
     0 | D:1      | Implojin the Hill Orc Reaver began the quest for the Orb.
     0 | D:1      | Reached XP level 1. HP: 18/18 MP: 3/3
    87 | D:1      | Reached XP level 2. HP: 20/25 MP: 4/4
   239 | D:1      | Reached skill level 5 in Axes
   343 | D:1      | Reached XP level 3. HP: 20/30 MP: 5/5
   882 | D:2      | Reached XP level 4. HP: 26/37 MP: 6/6
   949 | D:2      | Found a faded altar of an unknown god.
  1073 | D:2      | Prayed at the altar of an unknown god.
  1073 | D:2      | Became a worshipper of Warmaster Okawaru
  1073 | D:2      | Reached * piety under Okawaru
  1539 | D:2      | Found an ancient bone altar of Kikubaaqudgha.
  1541 | D:2      | Noticed Natasha
  1568 | D:2      | Killed Natasha
  1569 | D:2      | Reached XP level 5. HP: 35/42 MP: 4/7
  1633 | D:2      | Noticed Natasha
  1647 | D:2      | Killed Natasha
  1765 | D:3      | Found Eroqixib's Jewellery Shoppe.
  1935 | D:2      | Reached skill level 1 in Invocations
  2115 | D:3      | Noticed Terence
  2441 | D:3      | Found a sparkling altar of Nemelex Xobeh.
  2549 | D:3      | Reached XP level 6. HP: 45/50 MP: 8/8
  2804 | D:4      | Found an ancient bone altar of Kikubaaqudgha.
  2815 | D:4      | Found a white marble altar of Elyvilon.
  2969 | D:4      | Found a basalt altar of Yredelemnul.
  3219 | D:4      | Reached skill level 5 in Fighting
  3334 | D:5      | Entered Level 5 of the Dungeon
  3342 | D:5      | Reached XP level 7. HP: 60/61 MP: 9/9
  3376 | D:5      | Found a shimmering blue altar of Sif Muna.
  3847 | D:5      | You fall into a shaft and drop 3 floors!
  3930 | D:7      | Found a transporter.
  3932 | D:7      | Noticed a two-headed ogre
  3941 | D:7      | Found a transporter.
  3941 | D:7      | Noticed a moth of wrath
  3948 | D:7      | Identified the +3 leather armour of Soink {Int+3 Dex+3
                  | SInv}
  4098 | D:5      | Noticed Grinder
  4104 | D:5      | Killed Grinder
  4249 | D:5      | Reached skill level 10 in Axes
  4249 | D:5      | Reached XP level 8. HP: 70/70 MP: 10/10
  4566 | D:6      | Found a staircase to the Ecumenical Temple.
  4601 | D:6      | Found a hazy altar of Hepliaklqana.
  4602 | D:6      | Found a shadowy altar of Dithmenos.
  4602 | D:6      | Noticed a shadow
  4689 | D:6      | Reached ** piety under Okawaru
  5617 | D:7      | Reached skill level 5 in Invocations
  5672 | D:7      | Found an opulent altar of Gozag.
  5752 | D:7      | Noticed a troll
  5762 | D:7      | Killed a troll
  5763 | D:7      | Reached XP level 9. HP: 35/75 MP: 10/14
  6193 | D:7      | Noticed ZoaN's ghost (novice GrEE)
  6396 | D:7      | Found a bloodstained altar of Trog.
  6624 | D:8      | Noticed a hornet
  6640 | D:8      | Killed a hornet
  6640 | D:8      | Reached *** piety under Okawaru
  6656 | D:8      | Reached skill level 10 in Invocations
  6818 | D:8      | Reached skill level 1 in Shields
  6827 | D:8      | Noticed a deep elf pyromancer
  6827 | D:8      | Noticed a centaur warrior
  6831 | D:8      | Identified the +3 hand cannon of Okkeps {penet, *Slow rN+
                  | Str+2 Int+2}
  6831 | D:8      | Noticed a centaur warrior
  6832 | D:8      | Noticed a hornet
  6833 | D:8      | Noticed a troll
  7022 | D:8      | Reached XP level 10. HP: 80/83 MP: 15/18
  7056 | D:8      | Reached skill level 5 in Shields
  7260 | D:8      | Killed a deep elf pyromancer
  7260 | D:8      | Reached **** piety under Okawaru
  7349 | D:8      | Noticed a cyclops
  7373 | D:8      | Identified the +0 chain mail of Nainedgh {rElec rF+ rC-
                  | Will+++}
  7373 | D:8      | Noticed a skeletal warrior
  7626 | D:7      | Killed a centaur warrior
  7907 | D:8      | Reached skill level 1 in Evocations
  7922 | D:8      | Killed a cyclops
  7931 | D:8      | Noticed a two-headed ogre
  7996 | D:9      | Noticed a death yak
  7997 | D:9      | Found a staircase to the Lair.
  7997 | D:9      | Noticed a death yak
  7997 | D:9      | Noticed a death yak
  8041 | D:9      | Reached skill level 5 in Evocations
  8090 | D:9      | Reached XP level 11. HP: 70/91 MP: 16/19
  8507 | D:9      | Found a staircase to the Orcish Mines.
  9057 | D:9      | Killed a death yak
  9057 | D:9      | Reached ***** piety under Okawaru
  9061 | D:10     | Entered Level 10 of the Dungeon
  9353 | D:10     | Noticed a two-headed ogre
  9358 | D:10     | Killed a two-headed ogre
  9358 | D:10     | Received a gift from Okawaru
  9359 | D:10     | Reached skill level 10 in Fighting
  9359 | D:10     | Reached skill level 1 in Throwing
  9368 | D:10     | Noticed Erolcha
  9376 | D:10     | Killed Erolcha
  9389 | D:10     | Found a flagged portal.
  9588 | Bailey   | Entered a bailey
  9980 | Bailey   | Reached skill level 15 in Axes
  9980 | Bailey   | Reached XP level 12. HP: 106/106 MP: 20/20
 10365 | Bailey   | Acquired a +3 battleaxe of flaming
 11101 | D:11     | Noticed a boulder beetle
 11109 | D:11     | Killed a boulder beetle
 11262 | D:11     | Reached skill level 1 in Armour
 11417 | D:11     | Noticed Maurice
 11419 | D:11     | Maurice changed into Maurice the yak
 11419 | D:11     | Noticed Maurice
 11423 | D:11     | Killed Maurice the yak
 11454 | D:11     | Noticed a boulder beetle
 11460 | D:11     | Killed a boulder beetle
 11592 | D:11     | Reached skill level 5 in Armour
 11608 | D:11     | Reached XP level 13. HP: 30/115 MP: 21/21
 12461 | D:11     | Noticed Fannar
 12461 | D:11     | Noticed Snorg
 12593 | D:11     | Killed Snorg
 13386 | D:9      | Reached skill level 10 in Armour
 13447 | Lair:1   | Entered Level 1 of the Lair of Beasts
 13866 | D:3      | Bought a +4 ring of protection for 504 gold pieces
 14025 | D:8      | Identified the +1 rapier of Dujuppij {elec, Will+}
 15166 | Lair:1   | Identified the +3 spear of the Lusting Ass {freeze, Fly rC+
                  | Dex+2 Stlth+}
 16949 | Lair:2   | Found a staircase to the Shoals.
 17037 | Lair:2   | Reached XP level 14. HP: 123/133 MP: 22/22
 17841 | Lair:3   | Reached skill level 15 in Fighting
 17845 | Lair:3   | Received a gift from Okawaru
 17861 | Lair:3   | Found a gate leading to a gauntlet.
 17890 | Gauntlet | Entered a Gauntlet
 17890 | Gauntlet | Found a transporter.
 17890 | Gauntlet | Found a transporter.
 17895 | Gauntlet | Found a transporter.
 17895 | Gauntlet | Found a transporter.
 17896 | Gauntlet | Found a transporter.
 17896 | Gauntlet | Found a transporter.
 17931 | Gauntlet | Found a transporter.
 17935 | Gauntlet | Found a transporter.
 17949 | Gauntlet | Found a transporter.
 17964 | Gauntlet | Found a transporter.
 17968 | Gauntlet | Found a transporter.
 17988 | Gauntlet | Found a transporter.
 18429 | Gauntlet | Identified the amulet "Lyvot" {Faith Str+3}
 18439 | Gauntlet | Identified the +1 plate armour "Tetinyggi" {Stlth+}
 18439 | Gauntlet | Identified the ring "Jatrodytt" {rPois rN+ Dex-5 Slay+4
                  | Stlth+}
 18453 | Gauntlet | Found the +3 hat of Pondering {ponderous, Will+ MP+10
                  | Int+5}
 18466 | Gauntlet | Identified the +0 pair of gloves "Dagotim" {rC+ Regen+
                  | Str+2}
 18487 | Gauntlet | Identified the ring of the Pariah {rF- Will+ Int+3 Dex+2
                  | Stlth+}
 18487 | Gauntlet | Identified the ring of the Jackalope {rC+ rN+ Will+ Stlth+}
 18821 | Lair:3   | Reached skill level 10 in Shields
 19044 | Lair:3   | Received a gift from Okawaru
 19116 | Lair:3   | Found a staircase to the Snake Pit.
 19548 | Lair:4   | Received a gift from Okawaru
 19621 | Lair:4   | Noticed Sonja
 19630 | Lair:4   | Killed Sonja
 19755 | Lair:4   | Reached XP level 15. HP: 131/141 MP: 23/23
 20369 | Lair:5   | Entered Level 5 of the Lair of Beasts
 20431 | Lair:5   | Received a gift from Okawaru
 20470 | Lair:5   | Found a staircase to the Slime Pits.
 20593 | Lair:5   | Found a frozen archway.
 20648 | IceCv    | Entered an ice cave
 20701 | IceCv    | Reached skill level 15 in Shields
 20751 | IceCv    | Received a gift from Okawaru
 20943 | IceCv    | Identified the +0 robe "Epriw" {Harm Str+4 Int-4}
 21525 | Lair:5   | Received a gift from Okawaru
 22198 | D:11     | Killed Fannar
 22669 | D:12     | Found an opulent altar of Gozag.
 22880 | D:12     | Noticed Nessos
 22888 | D:12     | Killed Nessos
 22888 | D:12     | Received a gift from Okawaru
 23391 | D:13     | Noticed Urug
 23417 | D:13     | Killed Urug
 24081 | D:14     | Noticed Cicylist's ghost (journeyman FoFi)
 24114 | D:14     | Received a gift from Okawaru
 24125 | D:14     | Reached XP level 16. HP: 124/149 MP: 24/24
 24154 | D:14     | Found Lidd's Assorted Antiques.
 24171 | D:14     | Bought a glowing broad axe for 273 gold pieces
 24394 | D:14     | Found a transporter.
 24399 | D:14     | Found a transporter.
 24790 | D:14     | Reached skill level 15 in Armour
 24889 | D:14     | Noticed Louise
 24933 | D:14     | Killed Louise
 24933 | D:14     | Received a gift from Okawaru
 24992 | D:14     | Noticed Azrael
 25002 | D:14     | Killed Azrael
 25412 | D:14     | Found a gate to the Vaults.
 25417 | D:14     | Reached ****** piety under Okawaru
 25430 | D:14     | Received a gift from Okawaru
 25449 | D:14     | Acquired a +4 broad axe of pain
 25449 | D:14     | Received a gift from Okawaru
 25451 | D:14     | Acquired a +2 helmet of see invisible
 25451 | D:14     | Received a gift from Okawaru
 25455 | D:14     | Acquired the +2 hood of the Assassin {Detect Stab+ Stlth++}
 25455 | D:14     | Found the +2 hood of the Assassin {Detect Stab+ Stlth++}
 25457 | D:14     | Acquired a manual of Armour
 25767 | D:15     | Entered Level 15 of the Dungeon
 26001 | D:15     | Got the Verses on Crystallized Fumes
 26486 | D:15     | Found a staircase to the Depths.
 26712 | D:14     | Killed Cicylist's ghost
 26850 | Orc:1    | Entered Level 1 of the Orcish Mines
 27087 | Orc:1    | Reached XP level 17. HP: 134/156 MP: 25/25
 27161 | Orc:1    | Found a roughly hewn altar of Beogh.
 27470 | Orc:2    | Entered Level 2 of the Orcish Mines
 27699 | Orc:2    | Found a staircase to the Elven Halls.
 27805 | Orc:2    | Received a gift from Okawaru
 27816 | Orc:2    | Found Myile's Antique Weapon Shoppe.
 27816 | Orc:2    | Found Dypsiota's Jewellery Shop.
 27819 | Orc:2    | Found Cynyuj's Armour Shop.
 27819 | Orc:2    | Found Emymanob's Book Emporium.
 28325 | Snake:1  | Entered Level 1 of the Snake Pit
 28325 | Snake:1  | Noticed Frances
 28337 | Snake:1  | Killed Frances
 28353 | Snake:1  | Found Bamakh's Magic Scroll Shoppe.
 28370 | Snake:1  | Bought a scroll of enchant armour for 97 gold pieces
 28370 | Snake:1  | Bought a scroll of teleportation for 39 gold pieces
 28370 | Snake:1  | Bought a scroll of teleportation for 39 gold pieces
 28370 | Snake:1  | Bought a scroll of teleportation for 39 gold pieces
 28414 | Snake:2  | Found a runed translucent door.
 28415 | Snake:2  | Found a shimmering altar of Xom.
 28415 | Snake:2  | Noticed Tang's ghost (adept DrBe)
 28415 | Snake:2  | Identified the +3 great mace of the Fifty Continents
                  | {chaos, ^Drain rPois Int+7}
 28428 | Snake:2  | Killed Tang's ghost
 28435 | Snake:2  | Received a gift from Okawaru
 28476 | Snake:3  | Found Qyredix's Jewellery Shoppe.
 28487 | Snake:3  | Bought the amulet of Vitality {RegenMP++ Regen++} for 1500
                  | gold pieces
 28487 | Snake:3  | Found the amulet of Vitality {RegenMP++ Regen++}
 28513 | Snake:4  | Entered Level 4 of the Snake Pit
 29044 | Snake:4  | Reached XP level 18. HP: 142/168 MP: 26/26
 29116 | Snake:4  | Got a jade gem with 1648 turns to spare
 29118 | Snake:4  | Got a serpentine rune of Zot
 29247 | Snake:3  | Received a gift from Okawaru
 29543 | Shoals:1 | Entered Level 1 of the Shoals
 29580 | Shoals:1 | Identified the +0 kite shield of Xasa {rCorr SInv}
 29580 | Shoals:1 | Noticed Donald
 29594 | Shoals:1 | Killed Donald
 29700 | Shoals:4 | Entered Level 4 of the Shoals
 29725 | Shoals:4 | Paralysed by an air elemental for 1 turns
 29762 | Shoals:4 | Received a gift from Okawaru
 29766 | Shoals:4 | Paralysed by an air elemental for 1 turns
 29935 | Shoals:4 | Paralysed by an air elemental for 1 turns
 30021 | Shoals:4 | Paralysed by an air elemental for 1 turns
 30024 | Shoals:4 | Paralysed by an air elemental for 1 turns
 30028 | Shoals:4 | Paralysed by an air elemental for 1 turns
 30093 | Shoals:4 | Paralysed by an air elemental for 1 turns
 30176 | Shoals:4 | Paralysed by an air elemental for 1 turns
 30286 | Shoals:4 | Noticed a titan
 30294 | Shoals:4 | Killed a titan
 30341 | Shoals:4 | Identified the +6 mace of Huerov {vamp, Fly rC+ Will+
                  | Str+4}
 30342 | Shoals:4 | Got an azure gem with 973 turns to spare
 30344 | Shoals:4 | Got a barnacled rune of Zot
 30446 | Shoals:3 | Noticed Ilsuiw
 30463 | Shoals:3 | Identified the serpent talisman of Aclor {rF+ rC+ SInv}
 30463 | Shoals:3 | Noticed Aizul
 30474 | Shoals:3 | Killed Ilsuiw
 30511 | Shoals:3 | Killed Aizul
 30512 | Shoals:3 | Reached XP level 19. HP: 77/185 MP: 27/27
 30533 | Shoals:3 | Got the Omnibus of Ensorcelling and Production
 30534 | Shoals:3 | Found Ilabock's Magic Scroll Shop.
 30554 | Shoals:3 | Bought a scroll of teleportation for 30 gold pieces
 30554 | Shoals:3 | Bought a scroll of blinking for 75 gold pieces
 30554 | Shoals:3 | Bought a scroll of teleportation for 30 gold pieces
 30988 | Vaults:1 | Entered Level 1 of the Vaults
 31059 | Vaults:1 | You fall into a shaft and drop 1 floor!
 31256 | Vaults:3 | Found Edwal's General Store.
 31263 | Vaults:3 | Bought a potion of heal wounds for 110 gold pieces
 31404 | Vaults:5 | Entered Level 5 of the Vaults
 31404 | Vaults:5 | Noticed a tentacled monstrosity
 31418 | Vaults:5 | Reached skill level 5 in Dodging
 31427 | Vaults:5 | Killed a tentacled monstrosity
 31427 | Vaults:5 | Received a gift from Okawaru
 31441 | Vaults:5 | Noticed a tentacled monstrosity
 31480 | Vaults:5 | Killed a tentacled monstrosity
 31557 | Vaults:4 | Noticed Zenata
 31568 | Vaults:4 | Received a gift from Okawaru
 31606 | Vaults:5 | Noticed a tentacled monstrosity
 31619 | Vaults:5 | Reached XP level 20. HP: 191/193 MP: 28/28
 31621 | Vaults:5 | Noticed a golden dragon
 31715 | Vaults:5 | Reached skill level 10 in Dodging
 31725 | Vaults:5 | Killed a golden dragon
 31794 | Vaults:5 | Noticed a golden dragon
 31798 | Vaults:5 | Received a gift from Okawaru
 31799 | Vaults:5 | Noticed a dread lich
 31809 | Vaults:5 | Killed a dread lich
 31831 | Vaults:5 | Killed a golden dragon
 31889 | Vaults:5 | Got a shining gem with 2961 turns to spare
 31893 | Vaults:5 | Got a silver rune of Zot
 31994 | Vaults:5 | Found the +3 Elemental Staff {ele, rElec rF+ rC+ AC+3}
 32013 | Vaults:5 | Identified the amulet "Tocsazum" {Acrobat Str+4 Int+2}
 32031 | Vaults:5 | Got Ereshkigal's Verses on Evil Kinetic Energy
 32115 | Vaults:5 | Found the +2 ratskin cloak {*Rats rPois rN+ Str-1 Int-1
                  | Dex+1}
 32121 | Vaults:5 | Identified the +3 rapier of the Vaults {flame, Int+4 SInv}
 32268 | Vaults:5 | Gained mutation: You are clumsy. (Dex -2) [a shining eye]
 32316 | Vaults:5 | Found the dreamshard necklace {Acrobat *Dream}
 32358 | Vaults:5 | Identified the staff of Honour {rElec rPois rN+ Alchemy}
 32392 | Vaults:5 | Identified the staff of Irrepressible Laughter {+Blink
                  | rElec rC+ MP+9 Air}
 32696 | Vaults:4 | Received a gift from Okawaru
 32773 | Vaults:4 | Noticed Mennas
 32811 | Vaults:4 | Killed Mennas
 32812 | Vaults:4 | Reached XP level 21. HP: 196/201 MP: 29/29
 33187 | Vaults:3 | Found a staircase to the Crypt.
 33194 | Crypt:1  | Entered Level 1 of the Crypt
 33329 | Crypt:1  | Noticed Jory
 33334 | Crypt:1  | Reached skill level 15 in Dodging
 33349 | Crypt:1  | Killed Jory
 33387 | Crypt:1  | You fall into a shaft and drop 1 floor!
 33408 | Crypt:2  | Noticed Margery
 33434 | Crypt:2  | Killed Margery
 33490 | Crypt:3  | Entered Level 3 of the Crypt
 33586 | Crypt:3  | Found an ancient bone altar of Kikubaaqudgha.
 33670 | Crypt:3  | Got an ivory gem with 1457 turns to spare
 33684 | Crypt:3  | Identified the staff of Hell's Wrath {rF+ Will- Dex+6 Fire}
 34287 | Slime:1  | Entered Level 1 of the Pits of Slime
 34313 | Slime:2  | Received a gift from Okawaru
 34335 | Slime:2  | Reached XP level 22. HP: 171/209 MP: 30/30
 34358 | Slime:2  | Gained mutation: You occasionally shout uncontrollably at
                  | your foes. [a shining eye]
 34413 | Slime:5  | Entered Level 5 of the Pits of Slime
 34445 | Slime:5  | Noticed the Royal Jelly
 34515 | Slime:5  | Found a viscous altar of Jiyva.
 34703 | Slime:5  | Killed the Royal Jelly
 34729 | Slime:5  | Identified the +2 demon whip of the Lamprey {flame, rF+
                  | Dex+3}
 34768 | Slime:5  | Identified the staff "Tattletale" {rC- rN+ Will+ Int+3
                  | Necro Earth}
 34769 | Slime:5  | Got a starry gem with 211 turns to spare
 34771 | Slime:5  | Got a slimy rune of Zot
 34792 | Slime:5  | Identified the ring of Teid {^Drain rN+ MP+9 Stlth+}
 34936 | Lair:5   | Lost mutation: You are clumsy. (Dex -2) [potion of
                  | mutation]
 34936 | Lair:5   | Lost mutation: You occasionally shout uncontrollably at
                  | your foes. [potion of mutation]
 34936 | Lair:5   | Gained mutation: Your body sometimes deteriorates upon
                  | taking damage. [potion of mutation]
 34936 | Lair:5   | Gained mutation: You have hidden genetic potential. [potion
                  | of mutation]
 35187 | Elf:1    | Entered Level 1 of the Elven Halls
 35190 | Elf:1    | Paralysed by an air elemental for 1 turns
 35219 | Elf:1    | You fall into a shaft and drop 1 floor!
 35229 | Elf:2    | Found a runed translucent gate.
 35229 | Elf:2    | Found a runed translucent gate.
 35235 | Elf:2    | Found a runed translucent gate.
 35237 | Elf:2    | Noticed Saint Roka
 35266 | Elf:2    | Killed Saint Roka
 35327 | Elf:1    | Found Uffio's Book Emporium.
 35386 | Elf:3    | Entered Level 3 of the Elven Halls
 35431 | Elf:3    | Found Zootic's Distillery.
 35433 | Elf:3    | Found Huteoner's Armour Shoppe.
 35436 | Elf:3    | Found Rekhaib's Jewellery Emporium.
 35453 | Elf:3    | Bought the ring of Wellyvam {rElec rPois MP-9 SInv} for 360
                  | gold pieces
 35457 | Elf:3    | Bought a potion of curing for 48 gold pieces
 35457 | Elf:3    | Bought a potion of haste for 160 gold pieces
 35457 | Elf:3    | Bought a potion of mutation for 128 gold pieces
 35457 | Elf:3    | Bought 2 potions of mutation for 256 gold pieces
 35457 | Elf:3    | Bought 2 potions of curing for 96 gold pieces
 35457 | Elf:3    | Bought a potion of heal wounds for 80 gold pieces
 35457 | Elf:3    | Bought a potion of might for 64 gold pieces
 35612 | Elf:3    | Identified the +8 short sword "Fyoxuol" {freeze, Str+3
                  | Int+3 Stlth+}
 35612 | Elf:3    | Identified the +1 leather armour of the Armadillo {Fly
                  | rPois Str+8 Int-4}
 35612 | Elf:3    | Identified the amulet "Moafaide" {Reflect -Tele rF+++
                  | Slay+3 SH+5 SInv}
 35616 | Elf:3    | Found the ring of Shadows {Umbra +Inv Stlth+}
 35661 | Elf:3    | Reached skill level 10 in Throwing
 35853 | Elf:3    | Paralysed by an air elemental for 1 turns
 35963 | Elf:3    | Got Sif Muna's Sorcery, Part Eight
 35970 | Elf:3    | Paralysed by an air elemental for 1 turns
 35974 | Elf:3    | Got a shimmering gem with 1103 turns to spare
 35975 | Elf:3    | Paralysed by an air elemental for 1 turns
 35979 | Elf:3    | Paralysed by an air elemental for 1 turns
 36003 | Elf:3    | Identified the +1 great sword "Lubbufer" {freeze, rN+}
 36061 | Elf:3    | Identified the +3 executioner's axe of Hoegot {drain,
                  | rPois}
 36410 | Depths:1 | Entered Level 1 of the Depths
 36418 | Depths:1 | Reached XP level 23. HP: 190/215 MP: 31/31
 36462 | Depths:2 | Received a gift from Okawaru
 36463 | Depths:2 | Gained mutation: Your magical capacity is low. (-10% MP) [a
                  | shining eye]
 36720 | Depths:3 | Gained mutation: You have large cloven feet. [hidden
                  | potential]
 36730 | Depths:3 | Found a gateway to Hell.
 36741 | Depths:3 | You fall into a shaft and drop 1 floor!
 36741 | Depths:4 | Entered Level 4 of the Depths
 36746 | Depths:4 | Noticed Sojobo
 36820 | Depths:4 | Killed Sojobo
 36898 | Depths:3 | Found Huthi's General Store.
 36945 | Depths:4 | Found a sacrificial altar of Ru.
 36945 | Depths:4 | Noticed a caustic shrike
 36945 | Depths:4 | Noticed a caustic shrike
 36958 | Depths:4 | Killed a caustic shrike
 36961 | Depths:4 | Noticed a caustic shrike
 36965 | Arena    | Entered the Arena
 36986 | Depths:4 | Noticed Boris
 36989 | Depths:4 | Killed a caustic shrike
 36992 | Depths:4 | Killed a caustic shrike
 37015 | Depths:4 | Killed Boris
 37171 | Depths:4 | Found a one-way gate to the infinite horrors of the Abyss.
 37207 | Depths:4 | Voluntarily entered the Abyss.
 37339 | Abyss:2  | Found a corrupted altar of Lugonu.
 37573 | Abyss:2  | Reached XP level 24. HP: 195/224 MP: 28/28
 37640 | Abyss:2  | Found a corrupted altar of Lugonu.
 37643 | Abyss:2  | Found a corrupted altar of Lugonu.
 37643 | Abyss:2  | Found a corrupted altar of Lugonu.
 37650 | Abyss:2  | Found a corrupted altar of Lugonu.
 37662 | Abyss:2  | Found a corrupted altar of Lugonu.
 38092 | Depths:4 | Escaped the Abyss
 38094 | Depths:4 | Voluntarily entered the Abyss.
 38331 | Abyss:3  | Gained mutation: You have supernaturally acute eyesight.
                  | (SInv) [hidden potential]
 38331 | Abyss:3  | Lost mutation: You have hidden genetic potential. [hidden
                  | potential expressed]
 38405 | Abyss:3  | Found a glowing golden altar of the Shining One.
 38444 | Abyss:3  | Found a glowing golden altar of the Shining One.
 38448 | Abyss:3  | Noticed a juggernaut
 38459 | Abyss:3  | Killed a juggernaut
 38464 | Abyss:3  | Got an abyssal rune of Zot
 38738 | Depths:4 | Escaped the Abyss
 38804 | Depths:4 | Found a gate to the Realm of Zot.
 38866 | Depths:4 | Identified the ring of the Invisible Hand {Ice rElec}
 38866 | Depths:4 | Noticed Josephina
 38871 | Depths:4 | Got a midnight gem with 2252 turns to spare
 38904 | Depths:4 | Killed Josephina
 38920 | Zot:1    | Entered Level 1 of the Realm of Zot
 39113 | Zot:3    | Noticed a Killer Klown
 39182 | Zot:3    | Killed a Killer Klown
 39186 | Zot:3    | Reached XP level 25. HP: 139/238 MP: 28/28
 39332 | Zot:4    | Noticed a Killer Klown
 39347 | Zot:4    | Killed a Killer Klown
 39407 | Zot:4    | Acquired the +0 tower shield "Nocudgh" {rElec}
 39438 | Zot:5    | Entered Level 5 of the Realm of Zot
 39530 | Zot:5    | Got a prismatic gem with 508 turns to spare
 39567 | Zot:5    | Noticed an ancient lich
 39579 | Zot:5    | Killed an ancient lich
 39617 | Zot:5    | Noticed a Killer Klown
 39617 | Zot:5    | Noticed a Killer Klown
 39617 | Zot:5    | Noticed an orb of fire
 39643 | Zot:5    | Killed an orb of fire
 39649 | Zot:5    | Killed a Killer Klown
 39650 | Zot:5    | Noticed an orb of fire
 39652 | Zot:5    | Gained mutation: You occasionally shout uncontrollably at
                  | your foes. [an orb of fire]
 39658 | Zot:5    | Noticed an orb of fire
 39662 | Zot:5    | Gained mutation: Your body often deteriorates upon taking
                  | damage. [an orb of fire]
 39667 | Zot:5    | Killed a Killer Klown
 39680 | Zot:5    | Killed an orb of fire
 39681 | Zot:5    | Gained mutation: You are weak. (Str -2) [an orb of fire]
 39682 | Zot:5    | Noticed an orb of fire
 39686 | Zot:5    | Noticed an orb of fire
 39687 | Zot:5    | Gained mutation: You frequently scream uncontrollably at
                  | your foes. [an orb of fire]
 39701 | Zot:5    | Killed an orb of fire
 39708 | Zot:5    | Noticed an ancient lich
 39711 | Zot:5    | Gained mutation: Armour fits poorly on your strangely
                  | shaped body. [an orb of fire]
 39714 | Zot:5    | Killed an orb of fire
 39731 | Zot:5    | Killed an ancient lich
 39737 | Zot:5    | Killed an orb of fire
 39740 | Zot:5    | Noticed an orb of fire
 39740 | Arena    | Entered the Arena
 39751 | Zot:5    | Noticed an orb of fire
 39752 | Zot:5    | Noticed a Killer Klown
 39786 | Zot:5    | Killed an orb of fire
 39792 | Zot:5    | Killed a Killer Klown
 39897 | Zot:5    | Noticed an orb of fire
 39901 | Zot:5    | Noticed an orb of fire
 39919 | Zot:5    | Killed an orb of fire
 39920 | Zot:5    | Reached XP level 26. HP: 125/246 MP: 28/28
 39930 | Zot:5    | Noticed an orb of fire
 39941 | Zot:5    | Noticed an orb of fire
 39941 | Zot:5    | Gained mutation: You are very weak. (Str -4) [an orb of
                  | fire]
 39949 | Zot:5    | Got the Orb of Zot
 39980 | Zot:5    | Noticed Qaomitwoci the pandemonium lord
 39982 | Zot:5    | Killed an orb of fire
 40022 | Zot:4    | Lost mutation: You have large cloven feet. [potion of
                  | mutation]
 40022 | Zot:4    | Lost mutation: You are very weak. (Str -4) [potion of
                  | mutation]
 40022 | Zot:4    | Lost mutation: Armour fits poorly on your strangely shaped
                  | body. [potion of mutation]
 40022 | Zot:4    | Gained mutation: You have hidden genetic potential. [potion
                  | of mutation]
 40022 | Zot:4    | Gained mutation: Your flesh is cold resistant. (rC+)
                  | [potion of mutation]
 40023 | Zot:4    | Lost mutation: Your body often deteriorates upon taking
                  | damage. [potion of mutation]
 40023 | Zot:4    | Lost mutation: You have supernaturally acute eyesight.
                  | (SInv) [potion of mutation]
 40023 | Zot:4    | Gained mutation: You are partially covered in iridescent
                  | scales. (AC +2) [potion of mutation]
 40023 | Zot:4    | Gained mutation: You are mostly covered in iridescent
                  | scales. (AC +4) [potion of mutation]
 40024 | Zot:4    | Lost mutation: You are weak. (Str -2) [potion of mutation]
 40024 | Zot:4    | Lost mutation: You have hidden genetic potential. [potion
                  | of mutation]
 40024 | Zot:4    | Gained mutation: You are completely covered in iridescent
                  | scales. (AC +6) [potion of mutation]
 40024 | Zot:4    | Gained mutation: You are covered in fur. (AC +1) [potion of
                  | mutation]
 40024 | Zot:4    | Gained mutation: Your spells are a little harder to cast,
                  | but a little more powerful. [potion of mutation]
 40025 | Zot:4    | Lost mutation: Your flesh is cold resistant. (rC+) [potion
                  | of mutation]
 40025 | Zot:4    | Lost mutation: You are completely covered in iridescent
                  | scales. (AC +6) [potion of mutation]
 40025 | Zot:4    | Gained mutation: You are occasionally teleported next to
                  | monsters. [potion of mutation]
 40025 | Zot:4    | Gained mutation: You are vulnerable to heat. (rF-) [potion
                  | of mutation]
 40026 | Zot:4    | Lost mutation: You frequently scream uncontrollably at your
                  | foes. [potion of mutation]
 40026 | Zot:4    | Lost mutation: Your body sometimes deteriorates upon taking
                  | damage. [potion of mutation]
 40026 | Zot:4    | Lost mutation: You occasionally shout uncontrollably at
                  | your foes. [potion of mutation]
 40026 | Zot:4    | Gained mutation: You occasionally shout uncontrollably at
                  | your foes. [potion of mutation]
 40026 | Zot:4    | Gained mutation: You are frail. (-10% HP) [potion of
                  | mutation]
 40027 | Zot:4    | Lost mutation: You are covered in fur. (AC +1) [potion of
                  | mutation]
 40027 | Zot:4    | Lost mutation: You are frail. (-10% HP) [potion of
                  | mutation]
 40027 | Zot:4    | Gained mutation: You are vulnerable to cold. (rC-) [potion
                  | of mutation]
 40027 | Zot:4    | Gained mutation: You possess an exceptional clarity of
                  | mind. [potion of mutation]
 40028 | Zot:4    | Lost mutation: You occasionally shout uncontrollably at
                  | your foes. [potion of mutation]
 40028 | Zot:4    | Lost mutation: Your spells are a little harder to cast, but
                  | a little more powerful. [potion of mutation]
 40028 | Zot:4    | Gained mutation: Your natural rate of healing is unusually
                  | fast. [potion of mutation]
 40029 | Zot:4    | Lost mutation: Your magical capacity is low. (-10% MP)
                  | [potion of mutation]
 40029 | Zot:4    | Lost mutation: You are vulnerable to heat. (rF-) [potion of
                  | mutation]
 40029 | Zot:4    | Lost mutation: You are vulnerable to cold. (rC-) [potion of
                  | mutation]
 40029 | Zot:4    | Gained mutation: Your mind is acute. (Int +4, Str/Dex -1)
                  | [potion of mutation]
 40029 | Zot:4    | Lost mutation: You are mostly covered in iridescent scales.
                  | (AC +4) [potion of mutation]
 40143 | Depths:3 | Found a corrupted altar of Lugonu.
 40449 | D:3      | Killed Terence
 40515 | D:1      | Gained mutation: Armour fits poorly on your strangely
                  | shaped body. [a cacodemon]
 40519 | D:$      | Escaped with the Orb!

Illustrated notes

Levels and vault maps discovered:
D:1:      dpeg_arrival_subterranean_lakeside_camping, layout_rooms,
          roderic_filled_cross
D:2:      layout_rooms, basic_altar, nicolae_ecumenical_snake_handling,
          kennysheep_big_empty_room, uniq_natasha
D:3:      layout_basic, nemelex_altar_shiori, mainiacjoe_overflow_tiny_flanked,
          serial_shops, nicolae_shop_gaudy_bauble, uniq_ijyb, uniq_terence
D:4:      layout_rooms, yredelemnul_altar_generic,
          amethyst_overflow_temple_binary, kennysheep_small_square
D:5:      layout_basic, old_standard_altar, uniq_grinder
D:6:      layout_loops_cross, riverfiend_overflow_shadow_ancestor,
          minmay_temple_entry_purple_smoke, serial_co_window_serial,
          co_window_corner_a, co_window_of_opportunity_a,
          co_window_of_opportunity_a, co_window_of_opportunity_a,
          co_window_paths_b, co_window_unsneaky_path_d, co_window_2corner,
          co_window_broadway_b, co_window_2corner, co_window_corner_cb,
          co_window_2corner, co_window_corner_cb, glass_columns_a,
          glass_columns_a, minmay_misc_feat_diagonals
D:7:      layout_loops_ring, lemuel_round_altar,
          gammafunk_ghost_wrathful_warriors, minmay_misc_feat_secret_circle
D:8:      minmay_the_grid_octo_tiled_octocenter [minmay_the_grid_octo_empty,
          minmay_the_grid_octo_chip, minmay_the_grid_octo_clover,
          minmay_the_grid_octo_pinwheel,
          minmay_the_grid_octo_prize_ultimate_mussel_roller,
          minmay_the_grid_square_5x5_inset,
          minmay_the_grid_square_5x5_three_walls,
          minmay_the_grid_square_5x5_fat_x,
          minmay_the_grid_square_5x5_bracketed], layout_loops_ring
D:9:      layout_basic, dpeg_lair_monsters, hangedman_incinerator
D:10:     layout_loops_corners, enter_bailey_3, hangedman_corner_corridor,
          uniq_erolcha
D:11:     layout_roguey, lightli_corner_chamber, uniq_fannar, uniq_snorg,
          uniq_maurice
D:12:     layout_gridville, hangedman_abyss_or_decor_stagger,
          grunt_gozag_statues, uniq_nessos
D:13:     layout_small_grid, uniq_urug
D:14:     layout_roguey, grunt_vaults_entry_tiered, gammafunk_ghost_hive,
          serial_shops, shop, uniq_louise, uniq_azrael
D:15:     grunt_enter_depths_snipers, layout_loops_ring, minmay_door_square,
          grunt_decor_cap
Lair:1:   layout_loops_ring, grunt_megastairs_5, serial_bayou_shore_a
Lair:2:   layout_cave_pods, minmay_shoals_entry_lonely_mermaid, st_stairs_5,
          nicolae_lair_run_with_the_wolves
Lair:3:   layout_loops_ring, nicolae_snake_entry_warm_welcome,
          gauntlet_entry_generic, nicolae_quartered_pool_super,
          beast_lair_carwin_4
Lair:4:   layout_regular_city, chequers_serial_rivers_micro_d, uniq_sonja
Lair:5:   hangedman_lair_caniforms_friends, layout_cave_shapes,
          dpeg_slime_entry_enclosed, portal_ice_cave_entry_imps, pond
Shoals:1: layout_shoals, nicolae_shoals_lost_giant_baths, uniq_donald
Shoals:2: layout_shoals, nicolae_shop_gadgets, uniq_polyphemus
Shoals:3: layout_shoals, serial_shops, shop, uniq_ilsuiw, uniq_jorgrun,
          uniq_aizul
Shoals:4: shoals_end_hellmonk_storm_palace [storm_palace_center_ruins,
          storm_palace_corner_narrow, storm_palace_corner_reverse_hut,
          storm_palace_corner_blocked, storm_palace_corner_pillars]
Snake:1:  layout_rooms, serial_shops, shop, nicolae_book_shop_shelving,
          nicolae_shop_advertising_works [nicolae_subvault_shop_adworks],
          minmay_shoptagon, uniq_frances
Snake:2:  kennysheep_snake, layout_layer_cave, ebering_ghost_xom,
          nicolae_snake_double_loop, uniq_vashnia, uniq_asterion
Snake:3:  layout_onion, st_stairs_11, nicolae_snake_biting_tails,
          nicolae_snake_snake_lake, serial_library_hellmonk_open_cross,
          nicolae_stop_n_shop_1, evilmike_ambush [evilmike_ambush_outer_basic,
          evilmike_ambush_inner_pond]
Snake:4:  snake_pit_salamanders_mu, layout_cave_town
Slime:1:  layout_caves
Slime:2:  layout_caves, nicolae_slime_crime_time
Slime:3:  layout_caves
Slime:4:  layout_caves
Slime:5:  slime_pit_nicolae_inversion
Orc:1:    nicolae_orc_accident_2, layout_caves
Orc:2:    st_orc_ogre_mass, layout_diamond_mine
Elf:1:    layout_gridlike, serial_shops, shop, minmay_elf_crystal_heptagon
Elf:2:    nicolae_elf_blades_splatter_lattice [infiniplex_blade_entry_pillars],
          layout_geoelf_octagon, uniq_saint_roka
Elf:3:    minmay_elf_hall_quartered_circle, layout_loops_corners,
          lemuel_flamethrower_2, minmay_shop_star
Vaults:1: vaults_dpeg_emergency_exit, nicolae_vaults_little_squares_4,
          nicolae_vaults_hexular_roomagon, vaults_room_boxed,
          grunt_vaults_swirl, v_misc_2, grunt_vaults_funnel,
          hangedman_vaults_snaps, nicolae_vaults_cochlea,
          layout_vaults_chaotic_city
Vaults:2: ontoclasm_vaults_twist, ontoclasm_vaults_ring_square, v_alt_pattern_5,
          v_pattern_1, nicolae_vaults_storage_room_water,
          dpeg_vaults_monster_row, v_misc_28, st_cells, vaults_room_door_ring,
          nicolae_vaults_shrinking_rooms_2, hangedman_vaults_corner,
          nicolae_vaults_trapezoid_4, layout_vaults_omnibox
Vaults:3: v_rooms_1, minmay_crypt_entry_simple_statues,
          nicolae_vaults_apartment_1, nicolae_vaults_shelves_hall,
          nicolae_vaults_offset_grid_hallway_1, v_rooms_3, v_misc_30,
          nicolae_vaults_little_squares_6, v_rooms_4,
          nicolae_vaults_closet_pinwheel_6, nicolae_vaults_trapezoid_lopsided_2,
          layout_vaults_omnigrid, serial_shops, nicolae_shop_trees
Vaults:4: nicolae_vaults_closet_pinwheel_3, nicolae_vaults_circle_grid_b,
          v_misc_19, nicolae_vaults_offset_grid_hallway_1,
          ontoclasm_vaults_spin, nicolae_vaults_little_squares_6,
          layout_vaults_omnicross, serial_glass, uniq_zenata, uniq_mennas
Vaults:5
Crypt:1:  layout_chaotic_city, corexii_leaking_fountain, uniq_jory
Crypt:2:  layout_basic, nicolae_crypt_lurching_hallway, uniq_margery,
          uniq_frederick, uniq_khufu
Crypt:3:  church_of_pain_bobbens, layout_chaotic_city,
          tomb_entry_forgotten_bobbens, st_stairs_13
Depths:1: layout_cave_pools, hell_entry, rand_demon_pan_entry_3,
          minmay_variable_closet, bh_walls_and_bars
Depths:2: cheibrodos_witchhunters_guild, layout_cave_pools, enter_ziggurat_e,
          pan_entry, hell_entry, grunt_decor_resistance
Depths:3: grunt_arcs, layout_gridlike, serial_shops, nicolae_take_the_stairs,
          rand_demon_pan_entry_1, hell_entry, abyss_entry_flame_altar,
          minmay_misc_feat_enclosed, serial_bayou_shore_b
Depths:4: evilmike_zot_entry_round, layout_gridlike, hell_entry,
          nicolae_ru_awakened_eye, nicolae_abyss_entry_one_way_or_another,
          uniq_boris, uniq_josephina, uniq_sojobo
Zot:1:    layout_twisted_circle, hangedman_zot_decor_scrapings
Zot:2:    layout_misc_corridors, hellmonk_ghost_big_iron,
          nicolae_zig_zag_zippers, uniq_parghit
Zot:3:    layout_misc_corridors, regret_index_zotdec_plus
Zot:4:    kennysheep_bubbly, layout_gridlike
Zot:5:    layout_twisted_circle

Skill      XL: |  1  2  3  4  5  6  7  8  9 10 11 12 13 14 15 16 17 18 19 20 21 22 23 24 25 26 |
---------------+-------------------------------------------------------------------------------+-----
Axes           | 5 6 7 8 10 12 14 15 16 17 18 19 22 | 22.0
Invocations    | 2 3 7 11 | 11.0
Fighting       | 5 6 10 14 15 16 20 22 | 22.0
Shields        | 4 6 13 15 17 18 22 | 22.0
Evocations     | 5 |  5.0
Throwing       | 6 10 | 10.0
Armour         | 5 10 13 15 20 21 22 | 22.0
Dodging        | 8 13 16 19 20 21 | 21.4
Spellcasting   | |  1.5
Conjurations   | |  3.0

Action                     |  1- 3 |  4- 6 |  7- 9 | 10-12 | 13-15 | 16-18 | 19-21 | 22-24 | 25-27 || total
---------------------------+-------+-------+-------+-------+-------+-------+-------+-------+-------++-------
  Melee: Hand axe          |   128 |    93 |       |       |       |       |       |       |       ||   221
         Punch             |       |     2 |       |       |       |       |       |       |       ||     2
         War axe           |       |    85 |   217 |   264 |       |       |       |       |       ||   566
         Battleaxe         |       |       |       |    59 |  1043 |    23 |       |       |       ||  1125
         Broad axe         |       |       |       |       |       |  1085 |   932 |  1475 |   442 ||  3934
  Throw: Stone             |       |    10 |    15 |     7 |     5 |       |       |       |       ||    37
         Boomerang         |       |       |       |     6 |    33 |     5 |    10 |    86 |    26 ||   166
         Dart              |       |       |       |    21 |     4 |       |       |     4 |       ||    29
         Javelin           |       |       |       |       |     2 |       |       |    17 |       ||    19
         Throwing net      |       |       |       |       |     1 |       |       |     1 |       ||     2
 Invoke: Heroism           |       |     7 |     7 |    16 |    24 |    25 |    22 |    43 |    12 ||   156
         Finesse           |       |       |       |       |     2 |     5 |    11 |    17 |     9 ||    44
         Receive Weapon    |       |       |       |       |       |     1 |       |       |       ||     1
         Receive Armour    |       |       |       |       |       |     1 |       |       |       ||     1
         Duel              |       |       |       |       |       |       |       |     1 |     1 ||     2
  Evoke: Wand              |       |       |    10 |    12 |    12 |       |       |       |     2 ||    36
    Use: Scroll            |       |     3 |     7 |    12 |    15 |    13 |     5 |    21 |    12 ||    88
         Potion            |       |     1 |       |     4 |     4 |     4 |     5 |    24 |    27 ||    69
   Stab: Paralysed         |       |       |     3 |       |     4 |       |       |       |       ||     7
         Distracted        |       |       |       |     1 |       |       |       |       |       ||     1
         Sleeping          |       |       |       |     1 |       |       |       |       |       ||     1
         Invisible         |       |       |       |       |     3 |       |       |     3 |       ||     6
         Held in net/web   |       |       |       |       |     1 |       |       |       |       ||     1
         Confused          |       |       |       |       |       |       |       |     1 |       ||     1
 Armour: Leather armour    |    15 |       |   158 |   158 |       |       |       |       |       ||   331
         Ring mail         |    75 |   104 |       |       |       |       |       |       |       ||   179
         Scale mail        |       |    32 |     7 |       |       |       |       |       |       ||    39
         Steam dragon scal |       |       |     2 |       |       |       |       |       |       ||     2
         Plate armour      |       |       |       |    45 |  1127 |   734 |   802 |   144 |       ||  2852
         Chain mail        |       |       |       |       |       |       |       |   859 |   267 ||  1126
  Dodge: Dodged            |    82 |    84 |   160 |   156 |   693 |   233 |   251 |   473 |    91 ||  2223
  Block: Buckler           |       |       |    63 |    71 |       |       |       |       |       ||   134
         Tower shield      |       |       |       |       |       |  1037 |   937 |  1307 |   300 ||  3581
         Kite shield       |       |       |       |       |       |    84 |       |       |       ||    84
